Sewer Rats vs Saguenéens
Created - December 7, 2019 at 23:15
Goals
|
Sewer Rats |
3 |
0 |
3 |
6 |
Saguenéens |
1 |
2 |
2 |
5 |
|
Shots
|
Sewer Rats |
22 |
11 |
9 |
42 |
Saguenéens |
6 |
11 |
22 |
39 |
|
1st period
1. Sewer Rats , Erik Condra 13 (Jonathan Marchessault 12, Steven Kampfer 13) at 0:33
2. Sewer Rats , Erik Condra 14 (Daniel Carr 11) at 4:43
3. Sewer Rats , Tomas Tatar 15 (Steven Kampfer 14, Jarred Tinordi 13) at 4:53
4. Saguenéens , Alexander Wennberg 10 (Garnet Hathaway 9, Nick Mattson 6) at 19:32 (PP)
Penalties :
Jonathan Racine (Tol) for Slashing (Minor) at 2:01, Nick Mattson (Chi) for Delaying the game (Minor) at 6:08, Daniel Carr (Tol) for Holding (Minor) at 17:39
2nd period
5. Saguenéens , Aleksander Barkov 12 (Kevin Marshall 3) at 17:51
6. Saguenéens , Adam Erne 1 (Teemu Pulkkinen 2, Nick Mattson 7) at 19:53
Penalties :
Carl Hagelin (Chi) for Hooking (Minor) at 2:30, Patrick Sieloff (Chi) for Hooking (Minor) at 6:54
3rd period
7. Sewer Rats , Dmitrij Jaskin 10 (Anthony Duclair 1, Nick Cousins 7) at 0:51
8. Saguenéens , Carl Hagelin 7 (Aleksander Barkov 14, Garnet Hathaway 10) at 1:29
9. Saguenéens , Alexander Wennberg 11 (Patrick Sieloff 3, Garnet Hathaway 11) at 3:34
10. Sewer Rats , Martin Frk 7 (Jarred Tinordi 14) at 16:49
11. Sewer Rats , Dmitrij Jaskin 11 (Ryan Murphy 4) at 19:24
Penalties :
Nick Mattson (Chi) for Delaying the game (Minor) at 5:34, Dmitrij Jaskin (Tol) for Holding Stick (Minor) at 12:29, Mark Mancari (Tol) for Slashing (Minor) at 19:39
Goalie Stats
Marek Mazanek (Tol), 34 saves from 39 shots - (0.872), W, 12-1-0, 60:00 minutes
Joe Cannata (Chi), 36 saves from 42 shots - (0.857), L, 10-6-0, 59:32 minutes
Players Stats for Sewer Rats
Player Name G A P +/- PIM S H SB GA TA FO MP PP MP PK MP
------------------------------------------------------------------------------------
Anthony Duclair 0 1 1 2 0 0 0 0 1 0 0/0 8:10 0:00 0:00
Connor Carrick 0 0 0 3 0 0 0 2 0 0 0/0 8:46 0:00 0:00
Daniel Carr 0 1 1 -2 2 3 2 1 1 1 1/1 16:50 2:49 1:09
Dmitrij Jaskin 2 0 2 2 2 4 0 0 1 0 1/1 9:41 0:49 0:52
Erik Condra 2 0 2 -2 0 5 1 1 0 0 1/2 17:17 2:49 1:26
Jared McCann 0 0 0 2 0 1 0 0 0 0 2/3 8:10 0:00 0:00
Jarred Tinordi 0 2 2 0 0 0 3 4 1 1 0/0 26:10 4:00 3:46
Joel Edmundson 0 0 0 -1 0 1 2 1 0 0 0/0 20:31 3:56 2:25
John Ramage 0 0 0 3 0 0 1 1 0 0 0/0 8:46 0:00 0:00
Jonathan Marchessault 0 1 1 -2 0 3 1 1 0 0 6/13 15:48 2:49 0:00
Jonathan Racine 0 0 0 0 2 0 0 0 0 0 0/0 4:36 0:00 0:00
Joseph Blandisi 0 0 0 1 0 1 1 1 0 0 0/0 10:38 0:17 0:15
Mark Mancari 0 0 0 1 2 9 3 1 1 1 3/6 21:52 4:18 2:59
Martin Frk 1 0 1 1 0 2 0 2 0 0 0/0 11:04 0:37 0:00
Nick Cousins 0 1 1 1 0 2 2 0 2 0 4/9 11:04 0:39 0:14
Ryan Murphy 0 1 1 -1 0 2 0 2 0 0 0/0 20:31 3:56 2:25
Steven Kampfer 0 2 2 0 0 1 3 4 1 2 0/0 26:10 4:00 3:46
Tomas Tatar 1 0 1 1 0 7 0 1 2 1 1/2 22:14 4:22 3:21
Vincent Trocheck 0 0 0 1 0 1 0 1 1 3 16/28 20:54 4:19 2:06
Xavier Ouellet 0 0 0 0 0 0 0 0 0 0 0/0 4:33 0:00 0:00
Players Stats for Saguenéens
Player Name G A P +/- PIM S H SB GA TA FO MP PP MP PK MP
------------------------------------------------------------------------------------
Adam Erne 1 0 1 0 0 1 2 0 0 0 0/0 6:20 0:06 0:00
Aleksander Barkov 1 1 2 0 0 3 0 0 0 0 6/12 16:22 3:05 0:00
Alexander Wennberg 2 0 2 -2 0 5 1 1 1 2 12/27 17:36 3:00 0:18
Carl Hagelin 1 0 1 0 2 1 2 0 0 0 0/0 17:16 3:05 0:00
Craig Cunningham 0 0 0 0 0 2 3 0 0 0 0/0 13:31 0:07 2:26
Duncan Siemens 0 0 0 2 0 1 0 1 0 1 0/0 13:19 0:00 1:56
Garnet Hathaway 0 3 3 -2 0 2 0 2 3 0 1/1 17:17 2:59 0:00
Henrik Samuelsson 0 0 0 0 0 2 2 0 0 1 4/8 12:20 0:00 5:00
Kevin Marshall 0 1 1 -5 0 2 0 3 1 4 0/0 31:23 4:29 5:08
Mark Stone 0 0 0 0 0 2 0 0 1 0 1/1 16:22 3:05 0:00
Mason Raymond 0 0 0 -2 0 3 1 0 0 1 1/1 23:21 3:00 4:57
Mike Amadio 0 0 0 0 0 1 1 2 0 0 5/14 12:58 0:00 2:00
Nick Mattson 0 2 2 1 4 4 2 0 1 0 0/0 16:55 1:42 1:22
Patrick Sieloff 0 1 1 2 2 3 0 0 0 0 0/0 13:40 1:42 1:26
Rhett Rakhshani 0 0 0 0 0 3 0 0 0 0 0/0 11:06 0:00 0:38
Robert Hagg 0 0 0 1 0 1 0 2 1 0 0/0 19:50 0:00 5:19
Seth Helgeson 0 0 0 -5 0 1 3 4 1 2 0/0 25:31 4:29 0:41
Teemu Pulkkinen 0 1 1 0 0 2 1 0 0 0 0/1 6:53 0:06 0:33
3 Stars
1 - Dmitrij Jaskin (Tol)
2 - Erik Condra (Tol)
3 - Steven Kampfer (Tol)
Power Play
Sewer Rats - 0 on 4 Attempt(s) - 0.00%
Saguenéens - 1 on 4 Attempt(s) - 25.00%
Penalty Kill
Sewer Rats - 3 on 4 Attempt(s) - 75.00%
- Score 0 goal in Penalty Kill
Saguenéens - 4 on 4 Attempt(s) - 100.00%
- Score 0 goal in Penalty Kill
Team Stat
Sewer Rats - Hits : 19 - Faceoff Wins : 35 - Blocked Shots : 23 - Penalty Minutes : 8
Saguenéens - Hits : 18 - Faceoff Wins : 30 - Blocked Shots : 15 - Penalty Minutes : 8
Official
Referees : Unknown
Linesman : Unknown
Game Notes
7:14 of 1st period - Sewer Rats goal is going for a video replay. After video review, No Goal. The referee deems the play has been stopped, even if he had not physically had the opportunity to stop play by blowing his whistle.
Finance
Level 1 -- Attendance: 1437 (71.85%) -- Ticket Income $57,480
Level 2 -- Attendance: 739 (73.90%) -- Ticket Income $14,780
Total Attendance: 2176 (72.53%)
Total Ticket Income: $72,260
Other Income: $3,613
Total Income: $75,873
Sewer Rats
5 vs 5 Forward
Center Left Wing Right Wing Time % Phy DF OF
1 Vincent Trocheck Tomas Tatar Mark Mancari 35 1 2 2
2 Jonathan Marchessault Daniel Carr Erik Condra 30 1 2 2
3 Nick Cousins Joseph Blandisi Martin Frk 20 1 2 2
4 Jared McCann Anthony Duclair Dmitrij Jaskin 15 1 2 2
5 vs 5 Defense
Defense Defense Time % Phy DF OF
1 Steven Kampfer Jarred Tinordi 40 1 2 2
2 Joel Edmundson Ryan Murphy 30 1 2 2
3 John Ramage Connor Carrick 20 1 2 2
4 Xavier Ouellet Jonathan Racine 10 1 2 2
PowerPlay Forward
Center Left Wing Right Wing Time % Phy DF OF
1 Vincent Trocheck Tomas Tatar Mark Mancari 60 1 2 2
2 Jonathan Marchessault Daniel Carr Erik Condra 40 1 2 2
PowerPlay Defense
Defense Defense Time % Phy DF OF
1 Steven Kampfer Jarred Tinordi 60 1 2 2
2 Joel Edmundson Ryan Murphy 40 1 2 2
Penalty Kill 4 Players Forward
Center Wing Time % Phy DF OF
1 Mark Mancari Tomas Tatar 60 1 2 2
2 Vincent Trocheck Erik Condra 40 1 2 2
Penalty Kill 4 Players Defense
Defense Defense Time % Phy DF OF
1 Steven Kampfer Jarred Tinordi 60 1 2 2
2 Joel Edmundson Ryan Murphy 40 1 2 2
Penalty Kill - 3 Players Forward
Forward Time % Phy DF OF
1 Mark Mancari 60 1 2 2
2 Tomas Tatar 40 1 2 2
Penalty Kill - 3 Players Defense
Defense Defense Time % Phy DF OF
1 Steven Kampfer Jarred Tinordi 60 1 2 2
2 Joel Edmundson Ryan Murphy 40 1 2 2
4 vs 4 Forward
Center Wing Time % Phy DF OF
1 Mark Mancari Tomas Tatar 60 1 2 2
2 Vincent Trocheck Erik Condra 40 1 2 2
4 vs 4 Defense
Defense Defense Time % Phy DF OF
1 Steven Kampfer Jarred Tinordi 60 1 2 2
2 Joel Edmundson Ryan Murphy 40 1 2 2
Last Minutes Offensive
Center Left Wing Right Wing Defense Defense
Vincent Trocheck Tomas Tatar Mark Mancari Steven Kampfer Jarred Tinordi
Last Minutes Defensive
Center Left Wing Right Wing Defense Defense
Vincent Trocheck Tomas Tatar Mark Mancari Steven Kampfer Jarred Tinordi
Goaltenders
Starting : Marek Mazanek
Backup : Darcy Kuemper
Extra Forwards
Normal : Martin Frk, Nick Cousins, Dmitrij Jaskin - PP : Martin Frk, Nick Cousins - PK : Dmitrij Jaskin
Extra Defensemen
Normal : John Ramage, Connor Carrick, Xavier Ouellet - PP : John Ramage - PK : Connor Carrick, Xavier Ouellet
Penalty Shots
Mark Mancari, Tomas Tatar, Vincent Trocheck, Erik Condra, Jonathan Marchessault
Scratches
Dominik Kubalik (Healthy), Stefan Elliott (Right Foot Injury), Josh Archibald (Healthy), Tyler Motte (Healthy), Chris Calhan (Healthy)
Mark Friedman (Healthy), Michael Dal Colle (Healthy), Matteson Iacopelli (Healthy), Sergei Kostenko (Healthy), Antoine Bibeau (Healthy)
Saguenéens
5 vs 5 Forward
Center Left Wing Right Wing Time % Phy DF OF
1 Alexander Wennberg Mason Raymond Garnet Hathaway 40 1 2 2
2 Aleksander Barkov Carl Hagelin Mark Stone 30 1 2 2
3 Mike Amadio Craig Cunningham Rhett Rakhshani 20 1 2 2
4 Henrik Samuelsson Teemu Pulkkinen Adam Erne 10 1 2 2
5 vs 5 Defense
Defense Defense Time % Phy DF OF
1 Kevin Marshall Seth Helgeson 40 1 2 2
2 Robert Hagg Nick Mattson 30 1 2 2
3 Patrick Sieloff Duncan Siemens 20 1 2 2
4 Kevin Marshall Seth Helgeson 10 1 2 2
PowerPlay Forward
Center Left Wing Right Wing Time % Phy DF OF
1 Alexander Wennberg Mason Raymond Garnet Hathaway 60 1 2 2
2 Aleksander Barkov Carl Hagelin Mark Stone 40 1 2 2
PowerPlay Defense
Defense Defense Time % Phy DF OF
1 Kevin Marshall Seth Helgeson 60 1 2 2
2 Patrick Sieloff Nick Mattson 40 1 2 2
Penalty Kill 4 Players Forward
Center Wing Time % Phy DF OF
1 Henrik Samuelsson Mason Raymond 60 1 2 2
2 Mike Amadio Craig Cunningham 40 1 2 2
Penalty Kill 4 Players Defense
Defense Defense Time % Phy DF OF
1 Kevin Marshall Robert Hagg 60 1 2 2
2 Duncan Siemens Nick Mattson 40 1 2 2
Penalty Kill - 3 Players Forward
Forward Time % Phy DF OF
1 Henrik Samuelsson 60 1 2 2
2 Mike Amadio 40 1 2 2
Penalty Kill - 3 Players Defense
Defense Defense Time % Phy DF OF
1 Kevin Marshall Robert Hagg 60 1 2 2
2 Duncan Siemens Nick Mattson 40 1 2 2
4 vs 4 Forward
Center Wing Time % Phy DF OF
1 Alexander Wennberg Mason Raymond 60 1 2 2
2 Aleksander Barkov Garnet Hathaway 40 1 2 2
4 vs 4 Defense
Defense Defense Time % Phy DF OF
1 Kevin Marshall Seth Helgeson 60 1 2 2
2 Patrick Sieloff Nick Mattson 40 1 2 2
Last Minutes Offensive
Center Left Wing Right Wing Defense Defense
Alexander Wennberg Mason Raymond Garnet Hathaway Kevin Marshall Seth Helgeson
Last Minutes Defensive
Center Left Wing Right Wing Defense Defense
Aleksander Barkov Mason Raymond Garnet Hathaway Kevin Marshall Robert Hagg
Goaltenders
Starting : Joe Cannata
Backup : Tyler Beskorowany
Extra Forwards
Normal : Craig Cunningham, Teemu Pulkkinen, Rhett Rakhshani - PP : Craig Cunningham, Teemu Pulkkinen - PK : Rhett Rakhshani
Extra Defensemen
Normal : Patrick Sieloff, Duncan Siemens, Seth Helgeson - PP : Patrick Sieloff - PK : Duncan Siemens, Kevin Marshall
Penalty Shots
Garnet Hathaway, Mason Raymond, Mark Stone, Alexander Wennberg, Aleksander Barkov
Scratches
Mikhail Grigorenko (Healthy), Tanner Richard (Healthy), Juraj Mikus (Healthy), Myles Bell (Healthy), Dylan Labbe (Healthy)
Nick Paul (Healthy), Mattias Janmark (Healthy), Calle Andersson (Healthy), Julius Honka (Healthy), Clark Bishop (Healthy)
Nikita Scherbak (Healthy), JJ. Piccinich (Healthy), Michael Giugovaz (Healthy)
% Time on Ice - Sewer Rats
Lines # - Real PCT - Wanted PCT - Time Play
Normal Forward
1 - 32% - 35% - 14:23
2 - 28% - 30% - 12:59
3 - 22% - 20% - 10:06
4 - 18% - 15% - 8:10
Normal Defense
1 - 40% - 40% - 18:09
2 - 31% - 30% - 14:10
3 - 19% - 20% - 8:46
4 - 10% - 10% - 4:33
PP Forward
1 - 58% - 60% - 4:37
2 - 42% - 40% - 3:19
PP Defense
1 - 50% - 60% - 4:00
2 - 50% - 40% - 3:56
PK Forward
1 - 77% - 60% - 4:45
2 - 23% - 40% - 1:26
PK Defense
1 - 61% - 60% - 3:46
2 - 39% - 40% - 2:25
PK3 Forward
1 - 0% - 60%
2 - 0% - 40%
PK3 Defense
1 - 0% - 60%
2 - 0% - 40%
44 Forward
1 - 0% - 60%
2 - 0% - 40%
44 Defense
1 - 0% - 60%
2 - 0% - 40%
Last Minute Offensive - 0:00
Last Minute Defensive - 0:15
Total
Forward - 60:00
Defense - 60:00
|
% Time on Ice - Saguenéens
Lines # - Real PCT - Wanted PCT - Time Play
Normal Forward
1 - 33% - 40% - 15:09
2 - 30% - 30% - 13:47
3 - 23% - 20% - 10:28
4 - 14% - 10% - 6:14
Normal Defense
1 - 41% - 40% - 18:54
2 - 34% - 30% - 15:37
3 - 20% - 20% - 8:59
4 - 5% - 10% - 2:08
PP Forward
1 - 50% - 60% - 3:06
2 - 50% - 40% - 3:05
PP Defense
1 - 73% - 60% - 4:29
2 - 27% - 40% - 1:42
PK Forward
1 - 75% - 60% - 5:56
2 - 25% - 40% - 2:00
PK Defense
1 - 67% - 60% - 5:19
2 - 33% - 40% - 2:37
PK3 Forward
1 - 0% - 60%
2 - 0% - 40%
PK3 Defense
1 - 0% - 60%
2 - 0% - 40%
44 Forward
1 - 0% - 60%
2 - 0% - 40%
44 Defense
1 - 0% - 60%
2 - 0% - 40%
Last Minute Offensive - 0:15
Last Minute Defensive - 0:00
Total
Forward - 60:00
Defense - 60:00
|
Play-by-Play
1st period
0:01 of 1st period - Alexander Wennberg wins face-off versus Mark Mancari in neutral zone.
0:33 of 1st period - Snap shot by Erik Condra.
0:33 of 1st period - Goal by Erik Condra - Sewer Rats : 1 - Saguenéens : 0.
0:34 of 1st period - Nick Cousins wins face-off versus Mike Amadio in neutral zone.
1:01 of 1st period - Jared McCann is hit by Adam Erne.
1:31 of 1st period - Wrist shot by Daniel Carr.
1:31 of 1st period - Stopped by Joe Cannata without a rebound.
1:32 of 1st period - Aleksander Barkov wins face-off versus Vincent Trocheck in Saguenéens zone.
1:32 of 1st period - Aleksander Barkov is hit by John Ramage.
1:44 of 1st period - Snap shot by Carl Hagelin.
1:44 of 1st period - Shot Misses the Net.
1:46 of 1st period - Slapshot by Kevin Marshall.
1:46 of 1st period - Deflect By Mark Stone.
1:46 of 1st period - Stopped by Marek Mazanek with a rebound.
1:48 of 1st period - Slapshot by Kevin Marshall.
1:48 of 1st period - Deflect By Mark Stone.
1:48 of 1st period - Shot Blocked by John Ramage.
1:48 of 1st period - Puck is out of play.
1:49 of 1st period - Alexander Wennberg wins face-off versus Jonathan Marchessault in Sewer Rats zone.
2:01 of 1st period - Minor Penalty to Jonathan Racine for Slashing.
2:02 of 1st period - Mark Mancari wins face-off versus Alexander Wennberg in Sewer Rats zone.
2:02 of 1st period - Mark Mancari is hit by Seth Helgeson.
2:09 of 1st period - Snap shot by Alexander Wennberg.
2:09 of 1st period - Stopped by Marek Mazanek with a rebound.
2:11 of 1st period - Wrist shot by Garnet Hathaway.
2:11 of 1st period - Shot Misses the Net.
2:13 of 1st period - Slapshot by Kevin Marshall.
2:13 of 1st period - Shot Blocked by Jarred Tinordi.
2:15 of 1st period - Snap shot by Garnet Hathaway.
2:15 of 1st period - Shot Blocked by Jarred Tinordi.
2:17 of 1st period - Slapshot by Kevin Marshall.
2:17 of 1st period - Shot Misses the Net.
2:35 of 1st period - Snap shot by Aleksander Barkov.
2:35 of 1st period - Shot Blocked by Vincent Trocheck.
3:39 of 1st period - Wrist shot by Alexander Wennberg.
3:39 of 1st period - Shot Blocked by Daniel Carr.
4:01 of 1st period - Penalty to Jonathan Racine is over, Jonathan Racine is back on ice.
4:10 of 1st period - Slapshot by Joseph Blandisi.
4:10 of 1st period - Stopped by Joe Cannata without a rebound.
4:11 of 1st period - Mike Amadio wins face-off versus Nick Cousins in Saguenéens zone.
4:41 of 1st period - Slapshot by Erik Condra.
4:41 of 1st period - Stopped by Joe Cannata with a rebound.
4:43 of 1st period - Wrist shot by Erik Condra.
4:43 of 1st period - Goal by Erik Condra - Sewer Rats : 2 - Saguenéens : 0.
4:44 of 1st period - Vincent Trocheck wins face-off versus Alexander Wennberg in neutral zone.
4:47 of 1st period - Snap shot by Mark Mancari.
4:47 of 1st period - Shot Misses the Net.
4:49 of 1st period - Slapshot by Jarred Tinordi.
4:49 of 1st period - Shot Misses the Net.
4:51 of 1st period - Snap shot by Steven Kampfer.
4:51 of 1st period - Shot Blocked by Seth Helgeson.
4:53 of 1st period - Snap shot by Tomas Tatar.
4:53 of 1st period - Goal by Tomas Tatar - Sewer Rats : 3 - Saguenéens : 0.
4:54 of 1st period - Vincent Trocheck wins face-off versus Aleksander Barkov in neutral zone.
4:57 of 1st period - Snap shot by Mark Mancari.
4:57 of 1st period - Stopped by Joe Cannata with a rebound.
4:59 of 1st period - Snap shot by Tomas Tatar.
4:59 of 1st period - Deflect By Kevin Marshall.
4:59 of 1st period - Shot Blocked by Kevin Marshall.
4:59 of 1st period - Puck is out of play.
5:00 of 1st period - Vincent Trocheck wins face-off versus Aleksander Barkov in Saguenéens zone.
5:03 of 1st period - Snap shot by Tomas Tatar.
5:03 of 1st period - Stopped by Joe Cannata with a rebound.
5:05 of 1st period - Slapshot by Mark Mancari.
5:05 of 1st period - Shot Blocked by Seth Helgeson.
5:27 of 1st period - Seth Helgeson is hit by Steven Kampfer.
5:46 of 1st period - Off-side.
5:47 of 1st period - Mike Amadio wins face-off versus Jared McCann in neutral zone.
5:58 of 1st period - Snap shot by Rhett Rakhshani.
5:58 of 1st period - Shot Misses the Net.
6:08 of 1st period - Minor Penalty to Nick Mattson for Delaying the game.
6:09 of 1st period - Henrik Samuelsson wins face-off versus Mark Mancari in Saguenéens zone.
6:38 of 1st period - Henrik Samuelsson is hit by Daniel Carr and loses puck.
6:52 of 1st period - Off-side.
6:53 of 1st period - Mark Mancari wins face-off versus Mike Amadio in neutral zone.
7:12 of 1st period - Wrist shot by Daniel Carr.
7:12 of 1st period - Deflect By Erik Condra.
7:12 of 1st period - Stopped by Joe Cannata with a rebound.
7:14 of 1st period - Slapshot by Ryan Murphy.
7:14 of 1st period - Sewer Rats goal is going for a video replay.
7:14 of 1st period - The goal is refused. The referee deems the play has been stopped, even if he had not physically had the opportunity to stop play by blowing his whistle..
7:15 of 1st period - Jonathan Marchessault wins face-off versus Mike Amadio in Saguenéens zone.
7:16 of 1st period - Snap shot by Daniel Carr.
7:16 of 1st period - Stopped by Joe Cannata with a rebound.
7:18 of 1st period - Slapshot by Erik Condra.
7:18 of 1st period - Deflect By Craig Cunningham.
7:18 of 1st period - Shot Misses the Net.
7:18 of 1st period - Puck is out of play.
7:19 of 1st period - Vincent Trocheck wins face-off versus Henrik Samuelsson in Saguenéens zone.
7:20 of 1st period - Wrist shot by Tomas Tatar.
7:20 of 1st period - Stopped by Joe Cannata with a rebound.
7:22 of 1st period - Wrist shot by Mark Mancari.
7:22 of 1st period - Stopped by Joe Cannata with a rebound.
7:24 of 1st period - Wrist shot by Mark Mancari.
7:24 of 1st period - Shot Misses the Net.
7:26 of 1st period - Snap shot by Mark Mancari.
7:26 of 1st period - Stopped by Joe Cannata without a rebound.
7:27 of 1st period - Vincent Trocheck wins face-off versus Henrik Samuelsson in Saguenéens zone.
8:08 of 1st period - Penalty to Nick Mattson is over, Nick Mattson is back on ice.
9:29 of 1st period - Slapshot by Erik Condra.
9:29 of 1st period - Shot Misses the Net.
9:49 of 1st period - Seth Helgeson is hit by Joseph Blandisi and loses puck.
10:59 of 1st period - Joseph Blandisi is hit by Seth Helgeson and loses puck.
12:16 of 1st period - Snap shot by Steven Kampfer.
12:16 of 1st period - Stopped by Joe Cannata without a rebound.
12:17 of 1st period - Alexander Wennberg wins face-off versus Nick Cousins in Saguenéens zone.
12:17 of 1st period - Alexander Wennberg is hit by Joel Edmundson.
12:23 of 1st period - Snap shot by Alexander Wennberg.
12:23 of 1st period - Deflect By Mason Raymond.
12:23 of 1st period - Stopped by Marek Mazanek without a rebound.
12:24 of 1st period - Garnet Hathaway wins face-off versus Vincent Trocheck in Sewer Rats zone.
12:25 of 1st period - Snap shot by Mason Raymond.
12:25 of 1st period - Shot Misses the Net.
12:27 of 1st period - Slapshot by Nick Mattson.
12:27 of 1st period - Stopped by Marek Mazanek without a rebound.
12:28 of 1st period - Alexander Wennberg wins face-off versus Vincent Trocheck in Sewer Rats zone.
12:37 of 1st period - Snap shot by Garnet Hathaway.
12:37 of 1st period - Shot Blocked by Steven Kampfer.
12:39 of 1st period - Slapshot by Garnet Hathaway.
12:39 of 1st period - Stopped by Marek Mazanek without a rebound.
12:40 of 1st period - Alexander Wennberg wins face-off versus Vincent Trocheck in Sewer Rats zone.
12:41 of 1st period - Wrist shot by Garnet Hathaway.
12:41 of 1st period - Shot Misses the Net.
12:51 of 1st period - Snap shot by Vincent Trocheck.
12:51 of 1st period - Deflect By Tomas Tatar.
12:51 of 1st period - Stopped by Joe Cannata with a rebound.
13:34 of 1st period - Slapshot by Dmitrij Jaskin.
13:34 of 1st period - Shot Misses the Net.
14:05 of 1st period - Wrist shot by Mark Mancari.
14:05 of 1st period - Stopped by Joe Cannata with a rebound.
14:07 of 1st period - Slapshot by Steven Kampfer.
14:07 of 1st period - Shot Hit the Post.
14:09 of 1st period - Snap shot by Mark Mancari.
14:09 of 1st period - Stopped by Joe Cannata with a rebound.
14:11 of 1st period - Snap shot by Vincent Trocheck.
14:11 of 1st period - Stopped by Joe Cannata with a rebound.
14:27 of 1st period - Snap shot by Erik Condra.
14:27 of 1st period - Stopped by Joe Cannata without a rebound.
14:28 of 1st period - Jonathan Marchessault wins face-off versus Mike Amadio in Saguenéens zone.
14:39 of 1st period - Erik Condra is hit by Mike Amadio and loses puck.
15:39 of 1st period - Snap shot by Anthony Duclair.
15:39 of 1st period - Deflect By Jared McCann.
15:39 of 1st period - Stopped by Joe Cannata with a rebound.
15:41 of 1st period - Slapshot by Jarred Tinordi.
15:41 of 1st period - Shot Blocked by Garnet Hathaway.
16:07 of 1st period - Wrist shot by Erik Condra.
16:07 of 1st period - Shot Blocked by Mike Amadio.
16:17 of 1st period - Patrick Sieloff is hit by Mark Mancari and loses puck.
16:40 of 1st period - Joseph Blandisi is hit by Henrik Samuelsson and loses puck.
16:47 of 1st period - Snap shot by Teemu Pulkkinen.
16:47 of 1st period - Shot Blocked by Ryan Murphy.
16:59 of 1st period - Joel Edmundson is hit by Alexander Wennberg and loses puck.
17:08 of 1st period - Wrist shot by Nick Cousins.
17:08 of 1st period - Stopped by Joe Cannata with a rebound.
17:39 of 1st period - Minor Penalty to Daniel Carr for Holding.
17:40 of 1st period - Alexander Wennberg wins face-off versus Mark Mancari in Sewer Rats zone.
18:50 of 1st period - Mark Stone is hit by Steven Kampfer and loses puck.
19:20 of 1st period - Icing by Nick Mattson.
19:21 of 1st period - Vincent Trocheck wins face-off versus Alexander Wennberg in Saguenéens zone.
19:32 of 1st period - Snap shot by Alexander Wennberg.
19:32 of 1st period - Goal by Alexander Wennberg - Sewer Rats : 3 - Saguenéens : 1.
19:33 of 1st period - Alexander Wennberg wins face-off versus Jonathan Marchessault in neutral zone.
19:42 of 1st period - Slapshot by Mason Raymond.
19:42 of 1st period - Shot Blocked by Jarred Tinordi.
19:58 of 1st period - Daniel Carr is hit by Henrik Samuelsson and loses puck.
Goals for this period are 3 for Sewer Rats vs 1 for Saguenéens.
Shots for this period are 22 for Sewer Rats vs 6 for Saguenéens.
2nd period
0:01 of 2nd period - Vincent Trocheck wins face-off versus Alexander Wennberg in neutral zone.
0:34 of 2nd period - Snap shot by Kevin Marshall.
0:34 of 2nd period - Stopped by Marek Mazanek with a rebound.
0:36 of 2nd period - Slapshot by Kevin Marshall.
0:36 of 2nd period - Deflect By Aleksander Barkov.
0:36 of 2nd period - Shot Misses the Net.
0:36 of 2nd period - Puck is out of play.
0:37 of 2nd period - Tomas Tatar wins face-off versus Alexander Wennberg in Sewer Rats zone.
2:30 of 2nd period - Minor Penalty to Carl Hagelin for Hooking.
2:31 of 2nd period - Vincent Trocheck wins face-off versus Henrik Samuelsson in Saguenéens zone.
3:07 of 2nd period - Wrist shot by Tomas Tatar.
3:07 of 2nd period - Shot Misses the Net.
3:09 of 2nd period - Snap shot by Ryan Murphy.
3:09 of 2nd period - Stopped by Joe Cannata with a rebound.
3:11 of 2nd period - Backhand shot by Joel Edmundson.
3:11 of 2nd period - Stopped by Joe Cannata with a rebound.
3:13 of 2nd period - Slapshot by Mark Mancari.
3:13 of 2nd period - Shot Misses the Net.
3:15 of 2nd period - Slapshot by Vincent Trocheck.
3:15 of 2nd period - Shot Misses the Net.
4:01 of 2nd period - Wrist shot by Mark Mancari.
4:01 of 2nd period - Shot Misses the Net.
4:03 of 2nd period - Wrist shot by Mark Mancari.
4:03 of 2nd period - Stopped by Joe Cannata with a rebound.
4:05 of 2nd period - Slapshot by Joel Edmundson.
4:05 of 2nd period - Shot Misses the Net.
4:30 of 2nd period - Penalty to Carl Hagelin is over, Carl Hagelin is back on ice.
4:47 of 2nd period - Wrist shot by Mason Raymond.
4:47 of 2nd period - Shot Misses the Net.
5:08 of 2nd period - Slapshot by Mark Mancari.
5:08 of 2nd period - Shot Blocked by Kevin Marshall.
5:20 of 2nd period - Snap shot by Tomas Tatar.
5:20 of 2nd period - Shot Blocked by Kevin Marshall.
5:22 of 2nd period - Wrist shot by Mark Mancari.
5:22 of 2nd period - Stopped by Joe Cannata with a rebound.
5:24 of 2nd period - Backhand shot by Joel Edmundson.
5:24 of 2nd period - Deflect By Vincent Trocheck.
5:24 of 2nd period - Shot Misses the Net.
5:24 of 2nd period - Puck is out of play.
5:25 of 2nd period - Jonathan Marchessault wins face-off versus Mike Amadio in Saguenéens zone.
5:50 of 2nd period - Slapshot by Martin Frk.
5:50 of 2nd period - Stopped by Joe Cannata without a rebound.
5:51 of 2nd period - Nick Cousins wins face-off versus Aleksander Barkov in Saguenéens zone.
6:10 of 2nd period - Rhett Rakhshani is hit by Jonathan Marchessault and loses puck.
6:15 of 2nd period - Wrist shot by Daniel Carr.
6:15 of 2nd period - Deflect By Jonathan Marchessault.
6:15 of 2nd period - Stopped by Joe Cannata without a rebound.
6:16 of 2nd period - Mike Amadio wins face-off versus Jonathan Marchessault in Saguenéens zone.
6:25 of 2nd period - Erik Condra is hit by Craig Cunningham and loses puck.
6:54 of 2nd period - Minor Penalty to Patrick Sieloff for Hooking.
6:55 of 2nd period - Jonathan Marchessault wins face-off versus Mike Amadio in Saguenéens zone.
7:09 of 2nd period - Snap shot by Jonathan Marchessault.
7:09 of 2nd period - Shot Blocked by Duncan Siemens.
7:42 of 2nd period - Kevin Marshall is hit by Nick Cousins and loses puck.
8:54 of 2nd period - Penalty to Patrick Sieloff is over, Patrick Sieloff is back on ice.
9:07 of 2nd period - John Ramage is hit by Carl Hagelin and loses puck.
10:43 of 2nd period - John Ramage is hit by Nick Mattson and loses puck.
10:58 of 2nd period - Martin Frk is hit by Adam Erne and loses puck.
11:12 of 2nd period - Icing by Carl Hagelin.
11:13 of 2nd period - Vincent Trocheck wins face-off versus Aleksander Barkov in Saguenéens zone.
11:14 of 2nd period - Snap shot by Tomas Tatar.
11:14 of 2nd period - Stopped by Joe Cannata without a rebound.
11:15 of 2nd period - Mark Stone wins face-off versus Vincent Trocheck in Saguenéens zone.
11:15 of 2nd period - Mark Stone is hit by Jarred Tinordi.
12:04 of 2nd period - Slapshot by Tomas Tatar.
12:04 of 2nd period - Shot Blocked by Seth Helgeson.
12:18 of 2nd period - Wrist shot by Mark Mancari.
12:18 of 2nd period - Shot Misses the Net.
12:36 of 2nd period - Slapshot by Kevin Marshall.
12:36 of 2nd period - Shot Misses the Net.
12:38 of 2nd period - Snap shot by Carl Hagelin.
12:38 of 2nd period - Shot Misses the Net.
12:40 of 2nd period - Wrist shot by Carl Hagelin.
12:40 of 2nd period - Deflect By Aleksander Barkov.
12:40 of 2nd period - Shot Blocked by Mark Mancari.
12:40 of 2nd period - Puck is out of play.
12:41 of 2nd period - Alexander Wennberg wins face-off versus Erik Condra in Sewer Rats zone.
13:32 of 2nd period - Snap shot by Alexander Wennberg.
13:32 of 2nd period - Shot Blocked by Martin Frk.
13:34 of 2nd period - Backhand shot by Mason Raymond.
13:34 of 2nd period - Shot Misses the Net.
13:36 of 2nd period - Wrist shot by Garnet Hathaway.
13:36 of 2nd period - Stopped by Marek Mazanek without a rebound.
13:37 of 2nd period - Jonathan Marchessault wins face-off versus Mike Amadio in Sewer Rats zone.
14:04 of 2nd period - Teemu Pulkkinen is hit by Joel Edmundson and loses puck.
14:23 of 2nd period - Wrist shot by Dmitrij Jaskin.
14:23 of 2nd period - Shot Blocked by Mike Amadio.
14:54 of 2nd period - Icing by Teemu Pulkkinen.
14:55 of 2nd period - Vincent Trocheck wins face-off versus Teemu Pulkkinen in Saguenéens zone.
15:21 of 2nd period - Snap shot by Jonathan Marchessault.
15:21 of 2nd period - Stopped by Joe Cannata without a rebound.
15:22 of 2nd period - Aleksander Barkov wins face-off versus Vincent Trocheck in Saguenéens zone.
15:26 of 2nd period - Icing by Mark Stone.
15:27 of 2nd period - Aleksander Barkov wins face-off versus Vincent Trocheck in Saguenéens zone.
15:32 of 2nd period - Wrist shot by Tomas Tatar.
15:32 of 2nd period - Stopped by Joe Cannata with a rebound.
15:40 of 2nd period - Slapshot by Seth Helgeson.
15:40 of 2nd period - Stopped by Marek Mazanek with a rebound.
15:42 of 2nd period - Backhand shot by Aleksander Barkov.
15:42 of 2nd period - Stopped by Marek Mazanek without a rebound.
15:43 of 2nd period - Daniel Carr wins face-off versus Alexander Wennberg in Sewer Rats zone.
15:48 of 2nd period - Snap shot by Alexander Wennberg.
15:48 of 2nd period - Shot Misses the Net.
15:50 of 2nd period - Slapshot by Seth Helgeson.
15:50 of 2nd period - Shot Hit the Post.
15:52 of 2nd period - Slapshot by Kevin Marshall.
15:52 of 2nd period - Shot Blocked by Jonathan Marchessault.
15:54 of 2nd period - Slapshot by Kevin Marshall.
15:54 of 2nd period - Stopped by Marek Mazanek with a rebound.
15:56 of 2nd period - Snap shot by Mason Raymond.
15:56 of 2nd period - Stopped by Marek Mazanek with a rebound.
16:13 of 2nd period - Tomas Tatar is hit by Carl Hagelin and loses puck.
16:32 of 2nd period - Snap shot by Dmitrij Jaskin.
16:32 of 2nd period - Stopped by Joe Cannata with a rebound.
16:34 of 2nd period - Slapshot by Ryan Murphy.
16:34 of 2nd period - Deflect By Dmitrij Jaskin.
16:34 of 2nd period - Stopped by Joe Cannata with a rebound.
16:36 of 2nd period - Snap shot by Ryan Murphy.
16:36 of 2nd period - Shot Misses the Net.
16:38 of 2nd period - Slapshot by Joel Edmundson.
16:38 of 2nd period - Shot Blocked by Robert Hagg.
16:40 of 2nd period - Slapshot by Ryan Murphy.
16:40 of 2nd period - Shot Blocked by Robert Hagg.
16:42 of 2nd period - Backhand shot by Ryan Murphy.
16:42 of 2nd period - Shot Misses the Net.
17:18 of 2nd period - Off-side.
17:19 of 2nd period - Vincent Trocheck wins face-off versus Aleksander Barkov in neutral zone.
17:51 of 2nd period - Slapshot by Aleksander Barkov.
17:51 of 2nd period - Goal by Aleksander Barkov - Sewer Rats : 3 - Saguenéens : 2.
17:52 of 2nd period - Alexander Wennberg wins face-off versus Vincent Trocheck in neutral zone.
18:03 of 2nd period - Snap shot by Alexander Wennberg.
18:03 of 2nd period - Stopped by Marek Mazanek with a rebound.
18:05 of 2nd period - Wrist shot by Garnet Hathaway.
18:05 of 2nd period - Shot Blocked by Jarred Tinordi.
18:07 of 2nd period - Backhand shot by Mason Raymond.
18:07 of 2nd period - Shot Misses the Net.
18:17 of 2nd period - Aleksander Barkov is hit by Jarred Tinordi and loses puck.
18:38 of 2nd period - Snap shot by Dmitrij Jaskin.
18:38 of 2nd period - Shot Blocked by Seth Helgeson.
18:41 of 2nd period - Icing by Kevin Marshall.
18:42 of 2nd period - Jared McCann wins face-off versus Aleksander Barkov in Saguenéens zone.
19:27 of 2nd period - Wrist shot by Craig Cunningham.
19:27 of 2nd period - Shot Misses the Net.
19:29 of 2nd period - Snap shot by Craig Cunningham.
19:29 of 2nd period - Shot Hit the Post.
19:31 of 2nd period - Slapshot by Kevin Marshall.
19:31 of 2nd period - Shot Misses the Net.
19:33 of 2nd period - Wrist shot by Rhett Rakhshani.
19:33 of 2nd period - Shot Misses the Net.
19:35 of 2nd period - Snap shot by Seth Helgeson.
19:35 of 2nd period - Deflect By Rhett Rakhshani.
19:35 of 2nd period - Stopped by Marek Mazanek with a rebound.
19:37 of 2nd period - Wrist shot by Craig Cunningham.
19:37 of 2nd period - Shot Misses the Net.
19:49 of 2nd period - Snap shot by Teemu Pulkkinen.
19:49 of 2nd period - Stopped by Marek Mazanek with a rebound.
19:53 of 2nd period - Slapshot by Adam Erne.
19:53 of 2nd period - Goal by Adam Erne - Sewer Rats : 3 - Saguenéens : 3.
19:54 of 2nd period - Vincent Trocheck wins face-off versus Alexander Wennberg in neutral zone.
19:57 of 2nd period - Nick Mattson is hit by Mark Mancari and loses puck.
Goals for this period are 0 for Sewer Rats vs 2 for Saguenéens.
Shots for this period are 11 for Sewer Rats vs 11 for Saguenéens.
3rd period
0:01 of 3rd period - Alexander Wennberg wins face-off versus Vincent Trocheck in neutral zone.
0:51 of 3rd period - Snap shot by Dmitrij Jaskin.
0:51 of 3rd period - Goal by Dmitrij Jaskin - Sewer Rats : 4 - Saguenéens : 3.
0:52 of 3rd period - Vincent Trocheck wins face-off versus Alexander Wennberg in neutral zone.
0:55 of 3rd period - Slapshot by Mark Mancari.
0:55 of 3rd period - Shot Misses the Net.
0:57 of 3rd period - Slapshot by Tomas Tatar.
0:57 of 3rd period - Stopped by Joe Cannata with a rebound.
0:59 of 3rd period - Snap shot by Tomas Tatar.
0:59 of 3rd period - Deflect By Garnet Hathaway.
0:59 of 3rd period - Shot Blocked by Garnet Hathaway.
0:59 of 3rd period - Puck is out of play.
1:00 of 3rd period - Vincent Trocheck wins face-off versus Alexander Wennberg in Saguenéens zone.
1:25 of 3rd period - Snap shot by Garnet Hathaway.
1:25 of 3rd period - Shot Misses the Net.
1:27 of 3rd period - Snap shot by Aleksander Barkov.
1:27 of 3rd period - Shot Blocked by Steven Kampfer.
1:29 of 3rd period - Snap shot by Carl Hagelin.
1:29 of 3rd period - Goal by Carl Hagelin - Sewer Rats : 4 - Saguenéens : 4.
1:30 of 3rd period - Alexander Wennberg wins face-off versus Tomas Tatar in neutral zone.
1:30 of 3rd period - Alexander Wennberg is hit by Mark Mancari.
2:39 of 3rd period - Slapshot by Anthony Duclair.
2:39 of 3rd period - Shot Misses the Net.
2:57 of 3rd period - Slapshot by Garnet Hathaway.
2:57 of 3rd period - Shot Misses the Net.
2:59 of 3rd period - Slapshot by Alexander Wennberg.
2:59 of 3rd period - Stopped by Marek Mazanek with a rebound.
3:01 of 3rd period - Wrist shot by Mason Raymond.
3:01 of 3rd period - Stopped by Marek Mazanek without a rebound.
3:02 of 3rd period - Vincent Trocheck wins face-off versus Alexander Wennberg in Sewer Rats zone.
3:11 of 3rd period - Steven Kampfer is hit by Mason Raymond and loses puck.
3:30 of 3rd period - Wrist shot by Garnet Hathaway.
3:30 of 3rd period - Shot Blocked by Steven Kampfer.
3:32 of 3rd period - Slapshot by Patrick Sieloff.
3:32 of 3rd period - Deflect By Daniel Carr.
3:32 of 3rd period - Stopped by Marek Mazanek with a rebound.
3:34 of 3rd period - Slapshot by Alexander Wennberg.
3:34 of 3rd period - Goal by Alexander Wennberg - Sewer Rats : 4 - Saguenéens : 5.
3:35 of 3rd period - Aleksander Barkov wins face-off versus Vincent Trocheck in neutral zone.
4:02 of 3rd period - Mason Raymond is hit by Steven Kampfer and loses puck.
4:47 of 3rd period - Slapshot by Teemu Pulkkinen.
4:47 of 3rd period - Shot Misses the Net.
5:05 of 3rd period - Backhand shot by Carl Hagelin.
5:05 of 3rd period - Shot Blocked by Connor Carrick.
5:07 of 3rd period - Wrist shot by Aleksander Barkov.
5:07 of 3rd period - Shot Blocked by Connor Carrick.
5:09 of 3rd period - Snap shot by Aleksander Barkov.
5:09 of 3rd period - Stopped by Marek Mazanek with a rebound.
5:11 of 3rd period - Wrist shot by Mark Stone.
5:11 of 3rd period - Stopped by Marek Mazanek without a rebound.
5:12 of 3rd period - Erik Condra wins face-off versus Alexander Wennberg in Sewer Rats zone.
5:12 of 3rd period - Erik Condra is hit by Nick Mattson.
5:34 of 3rd period - Minor Penalty to Nick Mattson for Delaying the game.
5:35 of 3rd period - Vincent Trocheck wins face-off versus Henrik Samuelsson in Saguenéens zone.
6:02 of 3rd period - Craig Cunningham is hit by Daniel Carr and loses puck.
6:11 of 3rd period - Backhand shot by Jonathan Marchessault.
6:11 of 3rd period - Stopped by Joe Cannata without a rebound.
6:12 of 3rd period - Henrik Samuelsson wins face-off versus Jonathan Marchessault in Saguenéens zone.
6:37 of 3rd period - Vincent Trocheck is hit by Craig Cunningham and loses puck.
6:46 of 3rd period - Snap shot by Craig Cunningham.
6:46 of 3rd period - Shot Misses the Net.
6:48 of 3rd period - Slapshot by Craig Cunningham.
6:48 of 3rd period - Shot Blocked by Joel Edmundson.
6:50 of 3rd period - Wrist shot by Mike Amadio.
6:50 of 3rd period - Stopped by Marek Mazanek without a rebound.
6:51 of 3rd period - Henrik Samuelsson wins face-off versus Jonathan Marchessault in Sewer Rats zone.
6:52 of 3rd period - Wrist shot by Mason Raymond.
6:52 of 3rd period - Deflect By Steven Kampfer.
6:52 of 3rd period - Shot Blocked by Steven Kampfer.
6:52 of 3rd period - Puck is out of play.
6:53 of 3rd period - Henrik Samuelsson wins face-off versus Jonathan Marchessault in Sewer Rats zone.
6:54 of 3rd period - Wrist shot by Mason Raymond.
6:54 of 3rd period - Shot Blocked by Erik Condra.
7:04 of 3rd period - Henrik Samuelsson is hit by Erik Condra and loses puck.
7:27 of 3rd period - Snap shot by Mark Mancari.
7:27 of 3rd period - Stopped by Joe Cannata with a rebound.
7:34 of 3rd period - Penalty to Nick Mattson is over, Nick Mattson is back on ice.
7:37 of 3rd period - Craig Cunningham is hit by Jarred Tinordi and loses puck.
7:52 of 3rd period - Wrist shot by Nick Mattson.
7:52 of 3rd period - Stopped by Marek Mazanek with a rebound.
8:00 of 3rd period - Snap shot by Nick Mattson.
8:00 of 3rd period - Stopped by Marek Mazanek with a rebound.
8:02 of 3rd period - Snap shot by Nick Mattson.
8:02 of 3rd period - Stopped by Marek Mazanek without a rebound.
8:03 of 3rd period - Aleksander Barkov wins face-off versus Jonathan Marchessault in Sewer Rats zone.
8:13 of 3rd period - Off-side.
8:14 of 3rd period - Jonathan Marchessault wins face-off versus Alexander Wennberg in neutral zone.
8:45 of 3rd period - Snap shot by Aleksander Barkov.
8:45 of 3rd period - Shot Misses the Net.
9:01 of 3rd period - Snap shot by Henrik Samuelsson.
9:01 of 3rd period - Stopped by Marek Mazanek with a rebound.
9:03 of 3rd period - Snap shot by Teemu Pulkkinen.
9:03 of 3rd period - Deflect By Henrik Samuelsson.
9:03 of 3rd period - Stopped by Marek Mazanek with a rebound.
9:05 of 3rd period - Snap shot by Adam Erne.
9:05 of 3rd period - Shot Blocked by Ryan Murphy.
9:07 of 3rd period - Snap shot by Duncan Siemens.
9:07 of 3rd period - Stopped by Marek Mazanek with a rebound.
9:09 of 3rd period - Wrist shot by Teemu Pulkkinen.
9:09 of 3rd period - Stopped by Marek Mazanek with a rebound.
9:11 of 3rd period - Slapshot by Patrick Sieloff.
9:11 of 3rd period - Stopped by Marek Mazanek without a rebound.
9:12 of 3rd period - Mason Raymond wins face-off versus Vincent Trocheck in Sewer Rats zone.
9:37 of 3rd period - Jarred Tinordi is hit by Seth Helgeson and loses puck.
9:50 of 3rd period - Wrist shot by Rhett Rakhshani.
9:50 of 3rd period - Shot Blocked by Tomas Tatar.
10:00 of 3rd period - Slapshot by Steven Kampfer.
10:00 of 3rd period - Shot Misses the Net.
10:02 of 3rd period - Wrist shot by Erik Condra.
10:02 of 3rd period - Shot Misses the Net.
10:04 of 3rd period - Snap shot by Daniel Carr.
10:04 of 3rd period - Stopped by Joe Cannata with a rebound.
10:47 of 3rd period - Wrist shot by Nick Cousins.
10:47 of 3rd period - Stopped by Joe Cannata with a rebound.
11:17 of 3rd period - Snap shot by Dmitrij Jaskin.
11:17 of 3rd period - Shot Misses the Net.
11:40 of 3rd period - Henrik Samuelsson is hit by Nick Cousins and loses puck.
11:47 of 3rd period - Martin Frk is hit by Teemu Pulkkinen and loses puck.
12:29 of 3rd period - Minor Penalty to Dmitrij Jaskin for Holding Stick.
12:30 of 3rd period - Mark Mancari wins face-off versus Alexander Wennberg in Sewer Rats zone.
12:40 of 3rd period - Wrist shot by Mark Mancari.
12:40 of 3rd period - Shot Misses the Net.
12:42 of 3rd period - Snap shot by Jarred Tinordi.
12:42 of 3rd period - Shot Blocked by Alexander Wennberg.
12:44 of 3rd period - Snap shot by Mark Mancari.
12:44 of 3rd period - Stopped by Joe Cannata with a rebound.
12:46 of 3rd period - Slapshot by Jarred Tinordi.
12:46 of 3rd period - Shot Misses the Net.
14:29 of 3rd period - Penalty to Dmitrij Jaskin is over, Dmitrij Jaskin is back on ice.
15:00 of 3rd period - Snap shot by Teemu Pulkkinen.
15:00 of 3rd period - Shot Misses the Net.
15:02 of 3rd period - Slapshot by Patrick Sieloff.
15:02 of 3rd period - Deflect By Nick Cousins.
15:02 of 3rd period - Stopped by Marek Mazanek with a rebound.
16:32 of 3rd period - Mark Mancari is hit by Craig Cunningham and loses puck.
16:49 of 3rd period - Snap shot by Martin Frk.
16:49 of 3rd period - Goal by Martin Frk - Sewer Rats : 5 - Saguenéens : 5.
16:50 of 3rd period - Mike Amadio wins face-off versus Nick Cousins in neutral zone.
16:59 of 3rd period - Snap shot by Rhett Rakhshani.
16:59 of 3rd period - Stopped by Marek Mazanek without a rebound.
17:00 of 3rd period - Nick Cousins wins face-off versus Mike Amadio in Sewer Rats zone.
17:21 of 3rd period - Snap shot by Craig Cunningham.
17:21 of 3rd period - Stopped by Marek Mazanek with a rebound.
17:23 of 3rd period - Slapshot by Robert Hagg.
17:23 of 3rd period - Stopped by Marek Mazanek with a rebound.
17:25 of 3rd period - Slapshot by Nick Mattson.
17:25 of 3rd period - Shot Blocked by Martin Frk.
17:27 of 3rd period - Wrist shot by Craig Cunningham.
17:27 of 3rd period - Stopped by Marek Mazanek without a rebound.
17:28 of 3rd period - Jared McCann wins face-off versus Alexander Wennberg in Sewer Rats zone.
18:20 of 3rd period - Wrist shot by Mark Stone.
18:20 of 3rd period - Deflect By Aleksander Barkov.
18:20 of 3rd period - Shot Blocked by Joseph Blandisi.
18:20 of 3rd period - Puck is out of play.
18:21 of 3rd period - Aleksander Barkov wins face-off versus Nick Cousins in Sewer Rats zone.
18:22 of 3rd period - Snap shot by Carl Hagelin.
18:22 of 3rd period - Shot Misses the Net.
18:25 of 3rd period - Icing by Jarred Tinordi.
18:26 of 3rd period - Mike Amadio wins face-off versus Nick Cousins in Sewer Rats zone.
18:31 of 3rd period - Wrist shot by Rhett Rakhshani.
18:31 of 3rd period - Stopped by Marek Mazanek without a rebound.
18:32 of 3rd period - Nick Cousins wins face-off versus Mike Amadio in Sewer Rats zone.
19:22 of 3rd period - Wrist shot by Dmitrij Jaskin.
19:22 of 3rd period - Shot Misses the Net.
19:24 of 3rd period - Wrist shot by Dmitrij Jaskin.
19:24 of 3rd period - Goal by Dmitrij Jaskin - Sewer Rats : 6 - Saguenéens : 5.
19:25 of 3rd period - Alexander Wennberg wins face-off versus Vincent Trocheck in neutral zone.
19:32 of 3rd period - Saguenéens, Joe Cannata is pulled from the net.
19:39 of 3rd period - Minor Penalty to Mark Mancari for Slashing.
19:40 of 3rd period - Dmitrij Jaskin wins face-off versus Alexander Wennberg in Sewer Rats zone.
Goals for this period are 3 for Sewer Rats vs 2 for Saguenéens.
Shots for this period are 9 for Sewer Rats vs 22 for Saguenéens.
Back to the Top